 Dungeon Crawl Stone Soup version 0.31-a0-187-gba352fbbf7 (webtiles) character file.

Game seed: 1569099265182569254

40 qw the Shooter (level 3, -3/20 HPs)
             Began as a Deep Elf Hunter on June 22, 2023.
             Slain by a goblin
             ... wielding a +0 dagger
             ... led by Robin
              (5 damage)
             ... on level 2 of the Dungeon.
             The game lasted 00:00:25 (1284 turns).

qw the Shooter (Deep Elf Hunter)                    Turns: 1284, Time: 00:00:26

Health: -3/20      AC:  7    Str: 10    XL:     3   Next: 30%
Magic:  5/5        EV: 11    Int: 13    God:
Gold:   21         SH:  0    Dex: 18    Spells: 2/2 levels left

rFire   + . .        Y - +0 shortbow
rCold   . . .        (shield currently unavailable)
rNeg    . . .        e - +1 ring mail {rF+}
rPois   .            (no helmet)
rElec   .            (no cloak)
rCorr   +            (no gloves)
SInv    .            k - +0 pair of boots
Will    .....        (no amulet)
Stlth   +            d - ring of resist corrosion
HPRegen 0.23/turn    (no ring)
MPRegen 0.09/turn

%: no passive effects
@: about to teleport
A: no striking features
a: no special abilities


You were on level 2 of the Dungeon.
You visited 1 branch of the dungeon, and saw 2 of its levels.

You collected 21 gold pieces.


   Skills:
 - Level 1.5 Fighting
 + Level 6.9 Ranged Weapons
 - Level 2.4 Dodging
 - Level 1.2 Stealth


You had 2 spell levels left.
You didn't know any spells.
Your spell library was empty.

Inventory:

Hand Weapons
 Y - a +0 shortbow (weapon)
Armour
 c - the +2 pair of gloves of the Hills {rC+ MP+9}
   (You found it on level 2 of the Dungeon)

   rC:        It protects you from cold.
   MP:        It affects your magic capacity (+9).
 e - a +1 ring mail of fire resistance (worn)
 k - a +0 pair of boots (worn)
Jewellery
 d - a ring of resist corrosion (left hand)
Scrolls
 b - a scroll of identify {unknown}
Potions
 h - a potion of brilliance {unknown}

Dungeon Overview and Level Annotations

Branches:
Dungeon (2/15)

Altars:

Shops:
D:1 (

Annotations:
D:2 Robin


Message History

The arrow hits the adder but does no damage.
You feel sick. Robin throws the goblin at you!
The goblin hits you but does no damage. x2
The adder bites you but does no damage.
You shoot an arrow. The arrow misses the adder.
The arrow hits Robin.
Robin is moderately wounded.
You feel sick. The adder bites you but does no damage.
The goblin hits you but does no damage. The goblin barely misses you.
The adder closely misses you. The goblin closely misses you.
The goblin misses you.
You shoot an arrow. The arrow hits Robin!
Robin is severely wounded.
You feel sick. The adder bites you but does no damage.
The goblin hits you but does no damage. x2
You shoot an arrow. The arrow barely misses Robin.
You feel sick. The adder closely misses you.
Robin zaps a wand.
The puff of flame misses you. The goblin hits you but does no damage.
The adder closely misses you. The goblin hits you with a +0 dagger.
You shoot an arrow.
The arrow hits Robin but does no damage.
Robin is severely wounded.
You feel sick.
You are no longer poisoned.
The adder barely misses you. The goblin closely misses you.
The goblin hits you but does no damage.
You shoot an arrow. The arrow closely misses Robin.
The goblin no longer looks unusually strong.
The adder bites you but does no damage. The goblin barely misses you.
The goblin hits you but does no damage. The adder closely misses you.
You shoot an arrow. The arrow completely misses Robin.
The goblin no longer looks unusually strong.
The goblin hits you but does no damage. The adder barely misses you.
The goblin misses you.
Robin zaps a wand.
The puff of flame hits you. You resist. The goblin hits you with a +0 dagger.
The adder bites you but does no damage. The goblin barely misses you.
1284 ||| READING scroll of teleportation.
As you read the scroll of teleportation, it crumbles to dust.
You feel strangely unstable. The adder bites you.
The goblin hits you with a +0 dagger.
You die...

... .g ... gg ..... g.
..... #g #.....
#g###...... #.
#g#.S........
#..#.#@g....#...
#...ggg.....#...
######..........
#............
#............ ......
#.(.................
#...................
#####...............
########...............


You could see Robin, an adder and 3 goblins.

Vanquished Creatures
  3 dart slugs
  2 bats (D:1)
  3 endoplasms
  A giant cockroach (D:1)
  4 goblins
  2 hobgoblins (D:2)
  4 quokkas
  6 ball pythons
  4 frilled lizards
  2 kobolds
31 creatures vanquished.

Notes
Turn   | Place    | Note
-------+----------+-------------------------------------------
     0 | D:1      | qw the Deep Elf Hunter began the quest for the Orb.
     0 | D:1      | Reached XP level 1. HP: 12/12 MP: 3/3
     0 | D:1      | 0 ||| qw: Version: 0.3-a-9-g12657ce
     0 | D:1      | 0 ||| qw: Game counter: 2471
     0 | D:1      | 0 ||| qw: Always use a shield: true
     0 | D:1      | 0 ||| qw: God list: Okawaru
     0 | D:1      | 0 ||| qw: Allow faded altars: false
     0 | D:1      | 0 ||| qw: Do Orc after D:15 true
     0 | D:1      | 0 ||| qw: Do second Lair branch before Depths: true
     0 | D:1      | 0 ||| qw: Lair rune preference: random
     0 | D:1      | 0 ||| qw: Plans: Normal
     0 | D:1      | 0 ||| PLANNING D:1-11
   181 | D:1      | HP: 2/12 [quokka (4)]
   188 | D:1      | HP: 1/12 [quokka (1)]
   190 | D:1      | Reached XP level 2. HP: 2/16 MP: 4/4
   191 | D:1      | Reached skill level 6 in Ranged Weapons
   275 | D:1      | Found Neuz's Weapon Emporium.
   282 | D:1      | Found a faded altar of an unknown god.
   968 | D:1      | 968 ||| UPGRADING to +1 ring mail of fire resistance.
   978 | D:1      | 978 ||| DROPPING +0 leather armour.
   979 | D:1      | 979 ||| UPGRADING to +0 pair of boots.
   984 | D:1      | 984 ||| UPGRADING to ring of resist corrosion.
   985 | D:1      | 985 ||| READING 2 scrolls labelled LYNOFU VYAST.
   990 | D:1      | 990 ||| READING scroll labelled EHIDDA SYXECA.
  1091 | D:1      | 1091 ||| READING scroll labelled QUTEJA XOT ZUXT.
  1092 | D:1      | 1092 ||| READING scroll labelled INKYOH PIUTYF.
  1093 | D:1      | 1093 ||| DROPPING scroll of butterflies.
  1195 | D:2      | Reached XP level 3. HP: 20/20 MP: 5/5
  1228 | D:2      | Identified the +2 pair of gloves of the Hills {rC+ MP+9}
  1267 | D:2      | Identified the +2 helmet of Untruth {rPois Will+ Int+2}
  1267 | D:2      | Noticed Robin
  1271 | D:2      | 1271 ||| Stepping ~*~*~tactically~*~*~ (outnumbered).
  1283 | D:2      | HP: 4/20 [goblin/+0 dagger[Robin] (2)]
  1284 | D:2      | 1284 ||| READING scroll of teleportation.
  1284 | D:2      | Slain by a goblin

Levels and vault maps discovered:
D:1:      matt_arrival_los_fun, layout_loops_ring, serial_shops,
          nicolae_shop_behind_doors, serial_forest, infiniplex_forest_zigzag_2,
          infiniplex_forest_straight_1, infiniplex_forest_end_1,
          infiniplex_forest_clump_long, infiniplex_forest_clump_small,
          infiniplex_forest_clump_diagonal, infiniplex_forest_end_2,
          infiniplex_forest_straight_3, infiniplex_forest_clump_tiny,
          ebering_ecumenical_altar_box, grunt_decor_cap
D:2:      layout_basic, hangedman_abyss_or_decor_lesser_grid,
          minmay_misc_feat_roman, hex_intersection, uniq_robin

Skill      XL: |  1  2 |
---------------+-------+-----
Ranged Weapons | 6 |  6.9
Fighting       | |  1.5
Dodging        | |  2.4
Stealth        | |  1.2

Action                     || total
---------------------------++-------
   Fire: Shortbow          ||    94
    Use: Scroll            ||     5
 Armour: Leather armour    ||     9
         Ring mail         ||    21
  Dodge: Dodged            ||    53

Table legend:
 A = Non-vault XP
 B = Vault XP
 C = Vault XP percentage of total XP
 D = Non-vault monster count
 E = Vault monster count
 F = Vault count percentage of total count
                 A         B        C        D         E       F
            +---------+---------+-------+---------+---------+-------
      Total |      51 |       7 |  12.1 |      27 |       4 |  12.9
            +---------+---------+-------+---------+---------+-------
        D:1 |      29 |       0 |   0.0 |      17 |       0 |   0.0
        D:2 |      22 |       7 |  24.1 |      10 |       4 |  28.6
            +---------+---------+-------+---------+---------+-------
